Mandevil, lawful female dwarven Archeologist --------------- ----------- ------------------ Hh............| |.........| |.)...|..........|-- ---.{...-----.|----.---...| ---%---.|.---.|.|..-.| |...|.......|...|...|...| |.....|...|...|.|..|-| 1 ------.-----.|.|.---.|.--- -------.|.|.--|.----|..-.| |.......|...|...|...| |...|^..| |...|.....|..|-- -----------.|.|.---.---...|.--- ---.-----.--....- |.........|...|..%.........^| .%...|.......|.| |.....[...|---|.-----.-...-- .....|.--.--.|.| |....<....-...| |.......| |.|...|.|.| |...[.....|--.|----......[.---- |.|.-.|.|.| |.........| |.|.........[.....| |.|...|.|.| -----------.|.|.-----.-..(....| -.---.|--.|.|.| ......| .[..%....| |.....|...|.|.| .----- ---...|.|.| |.-----.|.|.|.| |.....|.|.| |*[.|...|.|...| ..---.----|.|.|.-----.|...-----.| ......| |.%.........|.........| ------- ----------------------- Mandevil the Exhumer Experience level: 10 Strength: 25 Dexterity: 14 Constitution: 16 Intelligence: 16 Wisdom: 15 Charisma: 7 Health: 0(89) Energy: 47(47) AC: -5 Gold: 295 Moves: 10204 Your Inventory: Coins $ - 295 gold pieces Amulets m - an [uncursed] convex amulet [of ESP] Weapons a - the uncursed +0 Grayswandir (weapon in hand) Armor r - an uncursed +0 blue and green shield [elven] u - a blessed +2 leather armor (being worn) E - an uncursed very rusty +0 iron skull cap [of warning] named warning [orcish helm] (being worn) M - an uncursed +0 pair of gauntlets of power (being worn) N - an uncursed rotted +1 pair of speed boots (being worn) Q - an uncursed +0 cloak of protection (being worn) Comestibles I - an uncursed lizard corpse Scrolls f - an [uncursed] scroll labeled HAPAX LEGOMENON [of confuse monster] Rings w - an uncursed clay ring [of free action] x - an uncursed glass ring [of polymorph control] z - an uncursed jacinth ring [of conflict] A - a blessed [+5] topaz ring [of increase accuracy] B - an uncursed +3 ring of protection (on right hand) C - an uncursed sapphire ring [of slow digestion] D - an uncursed +3 ring of protection (on left hand) Wands b - an uncursed wand of light [0:7] c - an [uncursed] wand of digging [0:5] d - an uncursed wand of lightning [0:4] j - an uncursed wand of fire [0:6] l - an uncursed wand of slow monster [0:5] y - an uncursed wand of digging [0:3] V - an uncursed wand of lightning [0:5] Y - an uncursed wand called teleportation [of teleportation (0:5)] Tools h - an [uncursed] bag of holding k - an [uncursed] lock pick F - an uncursed [tooled] horn called horn 1 H - an uncursed sack R - an uncursed towel Z - an uncursed sack Gems g - an uncursed touchstone Contents of the bag of holding: 1960 gold pieces a [cursed] octagonal amulet [of strangulation] an uncursed +2 bullwhip a blessed rustproof [+1] dwarvish mattock of frost an [uncursed +0] blue and green shield [elven] an uncursed [+0] leather hat [elven leather helm] an uncursed [+0] leather hat [elven leather helm] an uncursed [+0] mummy wrapping an uncursed +0 pair of boots called elven boots [elven] a [blessed +1] pair of boots called elven boots [elven] an uncursed +0 pair of leather gloves 2 uncursed carrots 6 uncursed food rations 3 uncursed lichen corpses an uncursed lizard corpse an [uncursed] pancake 2 [uncursed] tins [of warg meat] an [uncursed] tin of flesh golem meat an uncursed tin of floating eye meat an [uncursed] tin of stalker meat 4 uncursed tripe rations an [uncursed] scroll called identify [of identify] an [uncursed] scroll labeled KIRJE [of gold detection] a [blessed] scroll of teleportation a [cursed] scroll of teleportation an [uncursed] cloth spellbook [of slow monster] an [uncursed] copper spellbook [of polymorph] an [uncursed] dull spellbook [of knock] an [uncursed] light brown spellbook [of restore ability] an [uncursed] spellbook of force bolt an [uncursed] velvet spellbook [of finger of death] an [uncursed] blood-red potion [of blood] an [uncursed] effervescent potion [of restore ability] an uncursed golden potion [of enlightenment] a [blessed] muddy potion [of monster detection] a blessed ochre potion [of polymorph] an [uncursed] potion called pink 50 [of see invisible] an uncursed wand of enlightenment [0:12] a cursed wand of secret door detection [0:13] an uncursed wand of undead turning [0:2] 3 uncursed [tallow] candles an [uncursed wooden] flute an uncursed magic marker [0:74] an uncursed tinning kit (0:42) an [uncursed] agate stone an uncursed amber stone 3 [uncursed] chrysoberyl stones 2 [uncursed] diamonds an [uncursed] dilithium crystal 2 [uncursed] emeralds an [uncursed] gray stone [flint] an [uncursed] jasper stone 2 [uncursed] jet stones an [uncursed] luckstone 2 [uncursed] rubies Contents of the sack: a cursed [-2] granite ring [of gain intelligence] a cursed pearl ring [of poison resistance] Spells known in the end: Name Level Category Fail Memory a - haste self 3 escape 100% [||||....] b - force bolt 1 attack 79% [||||||||] Your skills at the end: Fighting Skills Weapon Skills pick-axe [Basic / Expert] saber [Skilled / Expert] sling [Basic / Skilled] whip [Basic / Expert] Spellcasting Skills Final Attributes: You were piously aligned. Hunger level was 777. Your alignment was 60 / 61. Monster difficulty range was 2 - 11. Level difficulty was 13. You resisted sleep. You resisted poison. You resisted hallucinations. You were telepathic. You were warned. You had automatic searching. You had infravision. You were stealthy. You were protected. You were very fast. Your luck was zero. You are dead. Vanquished creatures: a vampire 2 giant mimics a flesh golem a stalker an air elemental a water elemental a warg an ettin mummy a troll a sasquatch 3 large dogs a shocking sphere a large cat a leocrotta an elf mummy a human mummy 2 leather golems a succubus an incubus a giant beetle a quivering blob 4 wolves 2 leprechauns a giant spider 2 black lights 4 orc mummies an ogre a brown pudding an owlbear 3 Green-elves 3 lizards 2 dogs a dingo a housecat a jaguar a raven a plains centaur 2 gnome mummies 3 snakes 2 apes 14 human zombies 7 soldier ants a quasit a wood nymph a water nymph 5 Uruk-hai an orc shaman 2 rock piercers 2 enormous rats 3 rock moles a pony 2 fog clouds 2 yellow lights 3 shriekers 2 violet fungi 3 kobold mummies a red naga hatchling a black naga hatchling 5 guardian naga hatchlings 3 gray oozes 3 elf zombies a straw golem 2 paper golems a baby crocodile 2 little dogs 8 floating eyes a kitten 2 dwarves 4 homunculi 4 kobold lords 11 hill orcs 12 rothes a rabid rat a centipede a giant bat 2 monkeys 2 orc zombies 2 dwarf zombies 3 iguanas 4 acid blobs a gas spore 3 hobbits 6 large kobolds a hobgoblin 8 giant rats 3 cave spiders 2 brown molds 5 yellow molds 2 green molds 2 red molds 5 gnomes 2 garter snakes a gnome zombie 7 geckos 5 jackals 3 foxes 3 goblins 8 sewer rats 9 grid bugs 6 bats 6 lichens 5 kobold zombies 6 newts 287 creatures vanquished. Voluntary challenges: You used a wielded weapon 412 times. You read items or engraved 138 times. You put on armor 27 times. You never genocided any monsters. You never polymorphed an object. You never changed form. You used no wishes. You wrote Elbereth's name 106 times. You encountered 2 bones levels. You used 2 Sokoban shortcuts. Dungeon overview: The Dungeons of Doom: levels 1 to 7 Level 1 a long staircase Level 2 a general store Level 3 an armor shop Level 4 a fountain, a sink stairs to The Gnomish Mines Level 5 an altar to Quetzalcoatl, a fountain, a sink Level 6 many fountains Level 7 stairs to Sokoban The Gnomish Mines: levels 5 to 13 Level 5 stairs to The Dungeons of Doom Level 7 many shops, a temple, a magic chest, some fountains Level 13 <- You were here a fountain Sokoban: levels 4 to 6 Level 6 a magic chest stairs to The Dungeons of Doom History has recorded: On T:1 you entered the Dungeons of Doom to retrieve the Amulet of Yendor! On T:268 you reached level 2 of The Dungeons of Doom. On T:305 you advanced to experience level 2. On T:316 you reached level 3 of The Dungeons of Doom. On T:504 you advanced to experience level 3. On T:755 you advanced to experience level 4. On T:1017 you advanced to experience level 5. On T:1057 you reached level 4 of The Dungeons of Doom. On T:1674 you advanced to experience level 6. On T:2090 you reached level 5 of The Dungeons of Doom. On T:2818 you advanced to experience level 7. On T:2962 you reached level 6 of The Dungeons of Doom. On T:2995 you received Grayswandir from Quetzalcoatl. On T:3236 you received a rustproof dwarvish mattock of frost from Quetzalcoatl. On T:3303 you reached level 7 of The Dungeons of Doom. On T:3412 you reached level 3 of Sokoban. On T:3706 you reached level 2 of Sokoban. On T:4269 you reached level 1 of Sokoban. On T:4374 you advanced to experience level 8. On T:6147 you advanced to experience level 9. On T:6573 you received Demonbane from Quetzalcoatl. On T:6739 you reached level 1 of The Gnomish Mines. On T:7039 you reached level 2 of The Gnomish Mines. On T:7309 you reached level 4 of The Gnomish Mines. On T:7324 you reached level 5 of The Gnomish Mines. On T:7389 you reached level 6 of The Gnomish Mines. On T:7910 you reached level 3 of The Gnomish Mines. On T:8626 you advanced to experience level 10. On T:8938 you reached level 7 of The Gnomish Mines. On T:9153 you reached level 8 of The Gnomish Mines. On T:9372 you reached level 9 of The Gnomish Mines. Latest messages: Your silver Grayswandir sears the incubus' flesh! (2x) You kill the incubus! You have a little trouble lifting f - a scroll labeled HAPAX LEGOMENON. There is nothing here to pick up. You have a little trouble lifting $ - 295 gold pieces. You see here a velvet spellbook. You have a little trouble lifting i - a velvet spellbook. You put a velvet spellbook into the bag of holding. You see here a convex amulet. You have a little trouble lifting m - a convex amulet. You hit the minotaur! The minotaur hits! (2x) The minotaur butts! The minotaur hits! (2x) The minotaur butts! [HP-58=31] You hit the minotaur! The minotaur hits! (2x) You die... Final status: Goodbye Mandevil the Archeologist... You died in The Gnomish Mines on dungeon level 13 with 7454 points, and 2255 pieces of gold, after 10204 moves. You were level 10 with a maximum of 89 hit points when you died.